 Dungeon Sprint DCSS version 0.30-a0-241-g1121274140 (webtiles) character file.

Game seed: 9680438438196234603

388 hellse the Fighter (level 7, -1/60 HPs)
             Began as a Djinni Warper on Oct 10, 2022.
             Was a High Priest of Cheibriados.
             Slain by a gnoll
             ... wielding a +0 club
             ... led by a gnoll bouda
              (3 damage)
             ... in the Dungeon (Sprint VII: "The Pits").
             The game lasted 00:02:23 (405 turns).

hellse the Fighter (Djinni Warper)                   Turns: 405, Time: 00:02:24

Health: -1/60      AC:  8    Str: 26    XL:     7   Next: 7%
Gold:   0          EV: 12    Int: 29    God:    Cheibriados [*****.] SH:  0 Dex: 26

rFire   + + .      SeeInvis .      - Unarmed
rCold   x . .      Faith    .    (no shield)
rNeg    . . .      Spirit   .    j - +3 ring mail
rPois   ∞          Reflect  .    (no helmet)
rElec   .          Harm     .    (no cloak)
rCorr   .          Rampage  .    (no gloves)
Will    .....      NoTele   +    (boots unavailable)
Stlth   +.........               (no amulet)
HPRegen 0.30/turn                (no ring)
MPRegen 0.00/turn                (no ring)

@: flying, very slow
A: sickness immunity, fire resistance 2, cold vulnerability 1, float, innate
caster, HP casting, extra vitality 1
a: Renounce Religion, Bend Time, Temporal Distortion, Slouch, Step From Time


You were in the Dungeon.
You worshipped Cheibriados.
Cheibriados was extremely pleased with you.
You visited 1 branch

Inventory:

Missiles
 c - 7 boomerangs of dispersal (quivered)
Armour
 a - a +0 leather armour
 j - a +3 ring mail (worn)
Scrolls
 i - a scroll of summoning
Potions
 d - 6 potions of curing
 e - 2 potions of heal wounds
 f - a potion of haste
 g - 2 potions of berserk rage
 h - 2 potions of invisibility


   Skills:
 + Level 8.4 Fighting
 - Level 0.7 Throwing
 + Level 2.9 Armour
 - Level 2.1 Dodging
 + Level 8.3 Unarmed Combat
 - Level 6.3 Spellcasting


You couldn't memorise any spells.
You knew the following spells:

 Your Spells              Type           Power      Damage    Failure   Level
a - Blink                 Tloc           90%        N/A       1%          2
b - Lesser Beckoning      Tloc           90%        N/A       1%          3
c - Vhi's Electric Charg  Tloc/Air       90%        N/A       1%          3
d - Teleport Other        Tloc           45%        N/A       1%          3
e - Manifold Assault      Tloc           45%        N/A       6%          4
f - Necrotise             Necr           100%       1d9       1%          1
g - Momentum Strike       Conj/Tloc      90%        3d10      1%          2
h - Mephitic Cloud        Conj/Pois/Air  45%        N/A       1%          3
Your spell library was empty.

Dungeon Overview and Level Annotations

Branches:
Dungeon (1/1)

Altars:
Ashenzari
Cheibriados
Dithmenos
Elyvilon
Fedhas
Gozag
Hepliaklqana
Makhleb
Nemelex Xobeh
Okawaru
Qazlal
Ru
Trog
Uskayaw
Wu Jian
Xom
Yredelemnul
Zin
The Shining One
Jiyva
Lugonu


Innate Abilities, Weirdness & Mutations

You are immune to sickness and miasma.
You are immune to poison.
Your flesh is very heat resistant. (rF++)
You are vulnerable to cold. (rC-)
You float through the air rather than walking.
You learn spells naturally, not from books.
Your magical power is your life essence.
You have superior vitality. (+4 MHP)


Message History

Confirm with . or Enter, or press ? or * to list all spells.
Space momentarily warps into an impossible shape!
You punch the orc priest! You punch the orc!
You kill the orc!
Cheibriados appreciates the change of pace.
Cheibriados raises the support of your attributes as your movement slows.
The gnoll hits you but does no damage.
Unknown command.
Casting: Manifold Assault (dangerous; 6% risk of failure)
Confirm with . or Enter, or press ? or * to list all spells.
Space momentarily warps into an impossible shape!
You hit the orc priest but do no damage.
* * * LOW HITPOINT WARNING * * *
Unknown command.
Unknown command.
Casting: Manifold Assault (dangerous; 6% risk of failure)
Confirm with . or Enter, or press ? or * to list all spells.
Space momentarily warps into an impossible shape!
You punch the gnoll!
You hit the orc priest but do no damage.
* * * LOW HITPOINT WARNING * * *
The gnoll hits you with a +0 club.
* * * LOW HITPOINT WARNING * * *
Unknown command.
Casting: Manifold Assault (dangerous; 6% risk of failure)
Confirm with . or Enter, or press ? or * to list all spells.
Space momentarily warps into an impossible shape!
You punch the orc priest!
You kill the orc priest!
Cheibriados thoroughly appreciates the change of pace.
Cheibriados raises the support of your attributes as your movement slows.
* * * LOW HITPOINT WARNING * * *
The gnoll hits you but does no damage.
You have reached level 7!
The power to cast Mephitic Cloud wells up from within.
Spell assigned to 'h'.
You completely miss the gnoll.
The gnoll is almost dead.
The gnoll hits you with a +0 club.
You die...

#_________.#
#_______...#######
##########'##.....
#.?(!')))'.##.....
##########.##.....
#..........)'.....
#'#####÷#####.....
#)#..#..#..##.....
#@#..'..#))#####'#
#g#..####))##.....
#)#..#..#))##.....
#.#..#..#[.##.....
#.##'#).#'###...<.
#.#.....)..##.....
#)#........##.....
#'###########.....
#..g.o. ######


You could see a gnoll.

Vanquished Creatures
  A floating eye (D)
  3 wights (D)
  2 orc priests (D)
  2 gnolls (D)
  4 orcs (D)
  A bat skeleton (D)
  An endoplasm (D)
  A giant cockroach (D)
  2 quokkas (D)
  A ball python zombie (D)
  A frilled lizard (D)
19 creatures vanquished.

Vanquished Creatures (others)
  A wight (D)
  An orc (D)
2 creatures vanquished.

Grand Total: 21 creatures vanquished

Notes
Turn   | Place    | Note
-------+----------+-------------------------------------------
     0 | D        | hellse the Djinni Warper began the quest for the Orb.
     0 | D        | hellse set off with the following spells memorised: Blink,
                  | Lesser Beckoning, Vhi's Electric Charge, Teleport Other,
                  | Manifold Assault.
     0 | D        | Reached XP level 1. HP: 18/18 MP: 0/0
    22 | D        | Found a bloodstained altar of Trog.
    22 | D        | Found a viscous altar of Jiyva.
    22 | D        | Found a hazy altar of Hepliaklqana.
    22 | D        | Found an opulent altar of Gozag.
    23 | D        | Found a glowing golden altar of the Shining One.
    23 | D        | Found a glowing silver altar of Zin.
    23 | D        | Found a basalt altar of Yredelemnul.
    23 | D        | Found a shimmering altar of Xom.
    23 | D        | Found an ornate altar of the Wu Jian Council.
    23 | D        | Found a sacrificial altar of Ru.
    23 | D        | Found a stormy altar of Qazlal.
    23 | D        | Found an iron altar of Okawaru.
    23 | D        | Found a sparkling altar of Nemelex Xobeh.
    23 | D        | Found a burning altar of Makhleb.
    23 | D        | Found a blossoming altar of Fedhas.
    23 | D        | Found a white marble altar of Elyvilon.
    23 | D        | Found a shadowy altar of Dithmenos.
    23 | D        | Found a snail-covered altar of Cheibriados.
    24 | D        | Found a corrupted altar of Lugonu.
    25 | D        | Found a hide-covered altar of Uskayaw.
    25 | D        | Found a broken altar of Ashenzari.
    31 | D        | Became a worshipper of Cheibriados the Contemplative
    69 | D        | Reached * piety under Cheibriados
    85 | D        | Reached ** piety under Cheibriados
    86 | D        | Reached XP level 2. HP: 17/24 MP: 0/0
   232 | D        | Noticed a floating eye
   239 | D        | Killed a floating eye
   240 | D        | Reached skill level 5 in Fighting
   240 | D        | Reached skill level 5 in Unarmed Combat
   240 | D        | Reached XP level 3. HP: 33/33 MP: 0/0
   240 | D        | Learned a level 1 spell: Necrotise
   240 | D        | Reached XP level 4. HP: 39/39 MP: 0/0
   240 | D        | Reached XP level 5. HP: 43/43 MP: 0/0
   240 | D        | Learned a level 2 spell: Momentum Strike
   252 | D        | Reached *** piety under Cheibriados
   327 | D        | Reached skill level 5 in Spellcasting
   336 | D        | HP: 1/45 [wight/+0 scimitar (6)]
   338 | D        | Reached XP level 6. HP: 1/51 MP: 0/0
   344 | D        | Reached **** piety under Cheibriados
   351 | D        | Reached ***** piety under Cheibriados
   405 | D        | Reached XP level 7. HP: 2/60 MP: 0/0
   405 | D        | Learned a level 3 spell: Mephitic Cloud
   405 | D        | Slain by a gnoll

Illustrated notes

Levels and vault maps discovered:
D:        pitsprint [storerooms_1, entrance_room_1, metal_vault_2, armoury_1,
          mini_pit_1, grid_room_1, main_hall_1, silver_pit, the_coven_1,
          the_vestibule_1, steel_vault_1, golden_pit, hallway_of_sentries,
          crystal_vault_1, iron_vault_4, final_vault]

Skill      XL: |  1  2  3  4  5  6 |
---------------+-------------------+-----
Fighting       | 5 6 8 |  8.4
Unarmed Combat | 5 6 8 |  8.3
Spellcasting   | 4 5 6 |  6.3
Armour         | 2 |  2.9
Throwing       | |  0.7
Dodging        | |  2.1

Action                   |  1- 3 |  4- 6 |  7- 9 || total
-------------------------+-------+-------+-------++-------
Melee: Unarmed           |    34 |    45 |     1 ||    80
       Punch             |     3 |     1 |       ||     4
 Cast: Manifold Assault  |       |     9 |       ||     9
       Momentum Strike   |       |     3 |       ||     3
       Blink             |       |     1 |       ||     1
  Use: Potion            |       |     5 |       ||     5
       Scroll            |       |     2 |       ||     2
Armor: Leather armour    |     5 |     2 |       ||     7
       Ring mail         |       |     5 |       ||     5
Dodge: Dodged            |    19 |    17 |       ||    36

Table legend: (Time is in decaauts)
 A = Elapsed time spent in this place.
 B = Non-inter-level travel time spent in this place.
 C = Inter-level travel time spent in this place.
 D = Time resting spent in this place.
 E = Time spent auto-exploring this place.
 F = Levels seen in this place.
 G = Mean time per level.
                   A        B        C        D        E       F      G
               +--------+--------+--------+--------+--------+-----+--------+
         Total |    456 |    419 |     37 |    181 |      0 |   1 |  456.0 |
       Dungeon |    456 |    419 |     37 |    181 |      0 |   1 |  456.0 |
               +--------+--------+--------+--------+--------+-----+--------+

Top non-repeatable levels by time:
       D: 456 daAuts
